 Dungeon Crawl Stone Soup version 0.23-a0-558-g30802b1 (webtiles) character file.

394 JeffiDaFish the Skirmisher (level 6, -7/40 HPs)
             Began as a Gargoyle Fighter on Dec 13, 2018.
             Mangled by an ogre
             ... wielding a +0 giant club
              (14 damage)
             ... on level 4 of the Dungeon.
             The game lasted 00:06:12 (3783 turns).

JeffiDaFish the Skirmisher (Gargoyle Fighter)       Turns: 3783, Time: 00:06:13

Health: -7/40      AC: 17    Str: 21    XL:     6   Next: 82%
Magic:  6/6        EV:  5    Int:  9    God:
Gold:   186        SH:  9    Dex:  9    Spells: 5/5 levels left

rFire    . . .     SeeInvis .   a - +0 flail
rCold    . . .     Gourm    .   c - +0 shield
rNeg     + . .     Faith    .   g - +0 chain mail
rPois    ∞         Spirit   .   j - +0 helmet
rElec    +         Reflect  .   (no cloak)
rCorr    .         Harm     .   (no gloves)
MR       .....                  k - +1 pair of boots
Stlth    ..........             (no amulet)
HPRegen  0.13/turn              (no ring)
MPRegen  0.10/turn              (no ring)

@: no status effects
A: negative energy resistance 1, electricity resistance, unbreathing,
petrification resistance, rot immunity, AC +4
a: no special abilities


You were on level 4 of the Dungeon.
You were not hungry.

You visited 1 branch of the dungeon, and saw 4 of its levels.

You collected 186 gold pieces.

Inventory:

Hand Weapons
 a - a +0 flail (weapon)
Armour
 c - a +0 shield (worn)
 g - a +0 chain mail (worn)
 j - a +0 helmet (worn)
 k - a +1 pair of boots (worn)
Jewellery
 h - an uncursed ring of protection from fire {unknown}
 i - an uncursed ring of resist corrosion {unknown}
Scrolls
 e - a scroll of magic mapping
Potions
 d - a potion of might
 l - a potion of brilliance
Comestibles
 b - 2 chunks of flesh
 f - 6 rations


   Skills:
 * Level 5.0 Fighting
 * Level 4.4 Maces & Flails
 + Level 4.7 Armour
 + Level 4.4 Shields


You had 5 spell levels left.
You didn't know any spells.
Your spell library was empty.

Dungeon Overview and Level Annotations

Branches:
Dungeon (4/15)
 Temple: D:4-7

Altars:
Fedhas
Kikubaaqudgha
Makhleb
Qazlal
Zin


Innate Abilities, Weirdness & Mutations

You are resistant to torment.
Your stone body is resilient. (AC +4)
You are immune to poison.
You resist negative energy. (rN+)
You are resistant to electric shocks. (rElec)
You can survive without breathing.
You are immune to petrification.
You are immune to rotting.


Message History

Unknown command.
You hit the ogre but do no damage.
The ogre is moderately wounded.
The ogre hits you with a +0 giant club!
Your shield and chain mail prevent you from hitting the ogre.
The ogre is moderately wounded.
You block the ogre's attack.
You hit the ogre but do no damage.
The ogre is moderately wounded.
You block the ogre's attack.
Unknown command.
Unknown command.
You closely miss the ogre.
The ogre is moderately wounded.
The ogre hits you with a +0 giant club!
* * * LOW HITPOINT WARNING * * *
You thump the ogre!
The ogre is severely wounded.
The ogre hits you with a +0 giant club!
You die...

## ##.## ######.#
...... ...# #.#
.⌠.⌠
##.###.########....
##.##.............
.#.#.#.#########..
#...##.# #r#
##.###.# #O# #.#
#.# #@# ##.###.#
#.# #...##.# #.#
.......# #.#
......## #.#####
##.##.# #.#)..##
####.# #...#..# #.#
#..###.# #.#
##..#..#


You could see an ogre and a quokka.

Vanquished Creatures
  A hornet zombie (D:3)
  A scorpion (D:4)
  2 orc priests (D:3)
  Robin (D:2)
  9 adders
  An ooze (D:3)
  2 worms (D:2)
  2 dart slugs
  A leopard gecko (D:4)
  6 orcs
  4 giant cockroaches
  14 goblins
  10 hobgoblins
  7 kobolds
  2 quokkas (D:3)
  2 ball pythons
  6 bats
  5 frilled lizards
  A jackal zombie (D:3)
  9 rats
86 creatures vanquished.

Notes
Turn   | Place    | Note
-------+----------+-------------------------------------------
     0 | D:1      | JeffiDaFish the Gargoyle Fighter began the quest for the
                  | Orb.
     0 | D:1      | Reached XP level 1. HP: 14/14 MP: 1/1
   449 | D:1      | Reached XP level 2. HP: 19/19 MP: 2/2
  1091 | D:2      | Reached XP level 3. HP: 18/23 MP: 3/3
  1152 | D:2      | Noticed Robin
  1160 | D:2      | Killed Robin
  1324 | D:2      | Reached XP level 4. HP: 29/29 MP: 4/4
  1839 | D:2      | Found an ancient bone altar of Kikubaaqudgha.
  1882 | D:2      | Found a burning altar of Makhleb.
  2414 | D:3      | Reached skill level 4 in Fighting
  2414 | D:3      | Reached XP level 5. HP: 3/34 MP: 5/5
  2724 | D:3      | Reached XP level 6. HP: 39/39 MP: 6/6
  3034 | D:3      | Found a glowing silver altar of Zin.
  3131 | D:3      | Found a stormy altar of Qazlal.
  3588 | D:4      | Reached skill level 5 in Fighting
  3712 | D:4      | Found a blossoming altar of Fedhas.
  3783 | D:4      | Mangled by an ogre

Vault maps used:
D:1:      scummos_arrival_forest
D:2:      chequers_temple_overflow_statue_of_worship, minmay_pentomino_v2,
          uniq_robin
D:3:      minmay_octagon_keep, lemuel_round_altar, zin_treasury,
          hangedman_decor_growths
D:4:      nemelex_xobeh_ov_fountains_minmay, grunt_ministairs_9,
          fedhas_ov_isle_minmay

Skill      XL: |  1  2  3  4  5  6 |
---------------+-------------------+-----
Armour         | 4 |  4.7
Maces & Flails | 3 4 |  4.4
Fighting       | 4 5 |  5.0
Shields        | 4 |  4.4

Action                   |  1- 3 |  4- 6 || total
-------------------------+-------+-------++-------
Melee: Flail             |   164 |   295 ||   459
  Use: Potion            |     3 |     4 ||     7
       Scroll            |     2 |     5 ||     7
  Eat: Chunk             |     2 |     8 ||    10
Armor: Scale mail        |    89 |    43 ||   132
       Chain mail        |       |   228 ||   228
Dodge: Dodged            |    64 |   112 ||   176
Block: Shield            |    87 |   211 ||   298

Table legend:
 A = Non-vault XP
 B = Vault XP
 C = Vault XP percentage of total XP
 D = Non-vault monster count
 E = Vault monster count
 F = Vault count percentage of total count
                 A         B        C        D         E       F
            +---------+---------+-------+---------+---------+-------
      Total |     480 |      84 |  14.9 |      63 |      23 |  26.7
            +---------+---------+-------+---------+---------+-------
        D:1 |      23 |       0 |   0.0 |      14 |       0 |   0.0
        D:2 |      94 |      38 |  28.8 |      24 |      11 |  31.4
        D:3 |     288 |      44 |  13.3 |      23 |      11 |  32.4
        D:4 |      75 |       2 |   2.6 |       2 |       1 |  33.3
            +---------+---------+-------+---------+---------+-------
